 Dungeon Crawl Stone Soup version 0.28.0-1-gb440e238dd (webtiles) character file.

Game seed: 17324745005737546467

32 spaghetti the Skirmisher (level 3, -4/39 HPs)
             Began as an Ogre Fighter on Feb 20, 2022.
             Was a Follower of Okawaru.
             Slain by an iguana (11 damage)
             ... on level 2 of the Dungeon.
             The game lasted 00:01:00 (907 turns).

spaghetti the Skirmisher (Ogre Fighter)              Turns: 907, Time: 00:01:01

Health: -4/39      AC:  3    Str: 22    XL:     3   Next: 27%
Magic:  3/3        EV:  8    Int:  9    God:    Okawaru [*.....]
Gold:   64         SH:  7    Dex:  8    Spells: 2/2 levels left

rFire   . . .      SeeInvis .     - Unarmed
rCold   . . .      Faith    .   b - +0 kite shield
rNeg    . . .      Spirit   .   a - +0 robe
rPois   .          Reflect  .   (helmet restricted)
rElec   .          Harm     .   (no cloak)
rCorr   .          Rampage  .   (gloves unavailable)
Will    .....                   (boots unavailable)
Stlth   +.........              (no amulet)
HPRegen 0.13/turn               (no ring)
MPRegen 0.08/turn               (no ring)

@: mighty
A: large, unfitting armour, tough skin 1
a: Renounce Religion, Heroism


You were on level 2 of the Dungeon.
You worshipped Okawaru.
Okawaru was aware of your devotion.
You visited 1 branch of the dungeon, and saw 2 of its levels.

You collected 64 gold pieces.

Inventory:

Armour
 a - a +0 robe (worn)
 b - a +0 kite shield (worn)
Scrolls
 d - a scroll of enchant weapon {unknown}
Potions
 e - a potion of lignification {unknown}
 f - a potion of attraction {unknown}
 g - a potion of heal wounds {unknown}


   Skills:
 - Level 4.0 Fighting
 - Level 2.6 Dodging
 - Level 2.6 Shields
 + Level 3.3 Unarmed Combat


You had 2 spell levels left.
You didn't know any spells.
Your spell library contained the following spells:

 Spells                   Type           Power      Damage    Failure   Level
 Storm Form               Tmut/Air       0%         N/A       100%        7
 Maxwell's Capacitive Co  Air            0%         ∞         100%        8
 Summon Lightning Spire   Summ/Air       Unusable   N/A       N/A         4

Dungeon Overview and Level Annotations

Branches:
Dungeon (2/15)

Altars:
Okawaru

Shops:
D:1 (


Innate Abilities, Weirdness & Mutations

You are too large for most types of armour.
You have tough skin. (AC +1)


Message History

You hit the iguana but do no damage.
The iguana is moderately wounded.
The iguana bites you but does no damage.
You barely miss the iguana.
The iguana is moderately wounded.
You block the iguana's attack.
You closely miss the iguana.
The iguana is moderately wounded.
You block the iguana's attack.
You hit the iguana.
The iguana is heavily wounded.
You block the iguana's attack.
You hit the iguana but do no damage.
The iguana is heavily wounded.
The iguana bites you!
* * * LOW HITPOINT WARNING * * *
You are too injured to fight recklessly!
You are too injured to fight recklessly!
You are too injured to fight recklessly!
You are too injured to fight recklessly!
You are too injured to fight recklessly!
You are too injured to fight recklessly!
You are too injured to fight recklessly!
You are too injured to fight recklessly!
You are too injured to fight recklessly!
You are too injured to fight recklessly!
You are too injured to fight recklessly!
You are too injured to fight recklessly!
You are too injured to fight recklessly!
You are too injured to fight recklessly!
You are too injured to fight recklessly!
Unknown command.
You aren't carrying any items that you can evoke.
Okay, then.
You feel very mighty all of a sudden. You block the iguana's attack.
You hit the iguana.
The iguana is severely wounded.
The iguana bites you!
You die...

...# #..# #.#
#..# #.# # #..#
#.# ..####..#
#?#
........#####.#
...........##g#
.#####..##.##l#
#..##.##@#
...####<.##.##.#
...............#
...###..†...####
.......<.#
####......#
##.....#
.......#
.#####.#


You could see an iguana and a hobgoblin.

Vanquished Creatures
  An adder (D:2)
  4 ball pythons (D:1)
  4 bats (D:1)
  3 endoplasms
  3 giant cockroaches (D:1)
  A goblin (D:1)
  2 hobgoblins (D:1)
  A quokka (D:1)
  2 rats (D:1)
21 creatures vanquished.

Notes
Turn   | Place    | Note
-------+----------+-------------------------------------------
     0 | D:1      | spaghetti the Ogre Fighter began the quest for the Orb.
     0 | D:1      | Reached XP level 1. HP: 24/24 MP: 1/1
   195 | D:1      | Reached XP level 2. HP: 22/32 MP: 2/2
   312 | D:1      | Found a faded altar of an unknown god.
   334 | D:1      | Prayed at the altar of an unknown god.
   334 | D:1      | Became a worshipper of Warmaster Okawaru
   334 | D:1      | Reached * piety under Okawaru
   391 | D:1      | Found Cagruer's Antique Weapon Shoppe.
   717 | D:2      | Reached XP level 3. HP: 31/39 MP: 3/3
   907 | D:2      | Slain by an iguana

Illustrated notes

Levels and vault maps discovered:
D:1:      onia_arrival_pyramid, layout_rooms, serial_shops,
          nicolae_shop_behind_doors, basic_ecumenical_altar
D:2:      layout_loops_ring, grunt_ministairs_2

Skill      XL: |  1  2 |
---------------+-------+-----
Unarmed Combat | 2 3 |  3.3
Fighting       | |  4.0
Dodging        | |  2.6
Shields        | |  2.6

Action                   || total
-------------------------++-------
Melee: Unarmed           ||    86
  Use: Potion            ||     1
Armor: Robe              ||    30
Dodge: Dodged            ||    30
Block: Kite shield       ||    33
